 Dungeon Crawl Stone Soup version 0.26.0-45-g9c1d065592 (webtiles) character file.

Game seed: 1457748854541813806

(classic levelgen) 114 thiole the Stinger (level 4, 0/29 HPs)
             Began as an Octopode Venom Mage on Jan 30, 2021.
             Was an Initiate of Gozag.
             Slain by an orc
             ... wielding a +0 dagger
              (5 damage)
             ... on level 4 of the Dungeon.
             The game lasted 00:04:49 (3016 turns).

thiole the Stinger (Octopode Venom Mage)            Turns: 3016, Time: 00:04:50

Health: 0/29       AC:  1    Str:  7    XL:     4   Next: 98%
Magic:  4/7        EV: 14    Int: 18    God:    Gozag
Gold:   249        SH:  0    Dex: 18    Spells: 0/7 levels left

rFire    . . .     SeeInvis .   (no weapon)
rCold    . . .     Faith    .   (no shield)
rNeg     . . .     Spirit   .   (helmet restricted)
rPois    .         Reflect  .   (no amulet)
rElec    .         Harm     .   l - +6 ring of dexterity
rCorr    .         Rampage  .   (no ring)
Will     .....                  (no ring)
Stlth    +++.......             (no ring)
HPRegen  0.09/turn              (no ring)
MPRegen  0.10/turn              (no ring)
                                (no ring)
                                (no ring)

@: no status effects
A: almost no armour, stealthy swim, amphibious, 8 rings, constrict 8, camouflage
1, gelatinous body 1
a: Renounce Religion, Potion Petition, Call Merchant, Bribe Branch


You were on level 4 of the Dungeon.
You worshipped Gozag.
Gozag was aware of your devotion.
You visited 1 branch of the dungeon, and saw 4 of its levels.

You collected 297 gold pieces.
You paid 48 gold pieces to Gozag.

Inventory:

Missiles
 i - 49 sling bullets
Jewellery
 l - a +6 ring of dexterity (left tentacle)
 p - an uncursed amulet of reflection {unknown}
Scrolls
 b - a scroll of magic mapping {unknown}
 c - a scroll of enchant weapon {unknown}
 d - 6 scrolls of teleportation {unknown}
 e - 6 scrolls of identify {unknown}
 k - a scroll of random uselessness {unknown}
Potions
 a - a potion of attraction {unknown}
 f - a potion of brilliance {unknown}
 g - a potion of berserk rage {unknown}
 h - a potion of flight {unknown}
 j - a potion of mutation {unknown}
 m - a potion of curing {unknown}
 n - a potion of lignification {unknown}
 o - 2 potions of might {unknown}
 q - a potion of resistance {unknown}


   Skills:
 - Level 2.0 Fighting
 - Level 2.0 Dodging
 - Level 2.6 Stealth
 + Level 2.4 Spellcasting
 - Level 2.0 Transmutations
 + Level 2.5 Fire Magic
 - Level 4.0 Poison Magic


You couldn't memorise any spells.
You knew the following spells:

 Your Spells              Type           Power        Failure   Level
a - Sting                 Tmut/Pois      48%          4%          1
b - Mephitic Cloud        Conj/Pois/Air  6%           30%         3
c - Ignite Poison         Fire/Tmut/Pois 12%          16%         3

Your spell library contained the following spells:

 Spells                   Type           Power        Failure   Level
 Poisonous Vapours        Pois/Air       18%          12%         2
 Olgreb's Toxic Radiance  Pois           16%          32%         4


Dungeon Overview and Level Annotations

Branches:
Dungeon (4/15)
 Temple: D:4-7

Altars:
Gozag
Sif Muna
The Shining One


Innate Abilities, Weirdness & Mutations

You cannot wear most types of armour.
You are very stealthy in the water. (Stealth+)
You are amphibious.
You can wear up to eight rings at the same time.
You can use your tentacles to constrict eight enemies at once.
Your skin changes colour to match your surroundings (Stealth+).
Your rubbery body absorbs attacks. (AC +1, EV +1)


Message History

The orc shouts!
Something hits you.
* * * LOW HITPOINT WARNING * * *
Casting: Sting (safe; 4% risk of failure)
Confirm with . or Enter, or press ? or * to list all spells.
Aiming: Sting (safe; 4% risk of failure)
Press: ? - help, Shift-Dir - straight line, f/p - adder
Aim: an adder (47% to evade)
The sting hits something but does no damage.
Something closely misses you.
Casting: Sting (safe; 4% risk of failure)
Confirm with . or Enter, or press ? or * to list all spells.
Aiming: Sting (safe; 4% risk of failure)
Press: ? - help, Shift-Dir - straight line, f/p - adder
Aim: an adder (47% to evade)
The sting hits the adder.
The adder is poisoned.
The adder is moderately wounded.
Something hits you.
You die...
Your body crumbles into a pile of gold.

.# .## ... #.#
#.# ..# ##.##
O.#. ###...##
.... ###So.#..##
#..#
#@.#..##..## ..#
####..###..##.#
##..###o..>#
##.# ##...## #
#..###....###
#......##....
##......###...
###........##...
#...........#..#


You could see an adder (poisoned) and an orc.

Vanquished Creatures
  An orc wizard (D:4)
  2 adders
  2 worms
  A dart slug (D:3)
  2 leopard geckos
  3 orcs (D:4)
  7 bats
  2 giant cockroaches (D:1)
  11 goblins
  3 hobgoblins
  3 jackals (D:1)
  7 kobolds
  A ball python (D:1)
  4 frilled lizards
  4 rats
53 creatures vanquished.

Notes
Turn   | Place    | Note
-------+----------+-------------------------------------------
     0 | D:1      | thiole the Octopode Venom Mage began the quest for the Orb.
     0 | D:1      | Reached XP level 1. HP: 11/11 MP: 3/3
   170 | D:1      | Reached skill level 4 in Poison Magic
   181 | D:1      | Reached XP level 2. HP: 15/18 MP: 1/5
   237 | D:1      | Reached skill level 1 in Fighting
   916 | D:2      | Reached XP level 3. HP: 18/24 MP: 0/6
  1273 | D:2      | Reached skill level 1 in Fire Magic
  1307 | D:2      | Found a glowing golden altar of the Shining One.
  1872 | D:3      | Found a shimmering blue altar of Sif Muna.
  2144 | D:3      | Found an opulent altar of Gozag.
  2155 | D:3      | Became a worshipper of Gozag Ym Sagoz the Greedy
  2315 | D:3      | Reached XP level 4. HP: 29/29 MP: 3/7
  2694 | D:4      | Noticed an orc warrior
  2717 | D:4      | Learned a level 3 spell: Mephitic Cloud
  2721 | D:4      | Learned a level 3 spell: Ignite Poison
  3000 | D:4      | Noticed an ogre
  3016 | D:4      | Slain by an orc

Illustrated notes

Levels and vault maps discovered:
D:1:      saegor_arrival_simple_e, layout_rooms
D:2:      layout_rooms, lemuel_coloured_pillars_altar
D:3:      layout_basic, grunt_gozag_breadcrumbs, old_standard_altar
D:4:      cheibrodos_thug_alley, layout_layer_cave,
          minmay_temple_entry_mini_moons, serial_shops,
          nicolae_shop_behind_doors, nicolae_shop_waterfront,
          portal_sewer_entry_e

Skill      XL: |  1  2  3  4 |
---------------+-------------+-----
Poison Magic   | 4 |  4.0
Fighting       | 2 |  2.0
Fire Magic     | 1 2 |  2.5
Transmutations | 2 |  2.0
Dodging        | |  2.0
Stealth        | |  2.6
Spellcasting   | |  2.4

Action                   |  1- 3 |  4- 6 || total
-------------------------+-------+-------++-------
Melee: Unarmed           |    37 |     3 ||    40
       Constrict         |    10 |     2 ||    12
       Tentacles         |     6 |       ||     6
 Cast: Sting             |    64 |    25 ||    89
Armor: Skin              |     4 |     1 ||     5
Dodge: Dodged            |    36 |    13 ||    49
